 Dungeon Sprint DCSS version 0.23-a0-494-g91793a9 (webtiles) character file.

107 JosiahThimblerig the Cudgeler (level 4, -9/33 HPs)
             Began as an Octopode Wanderer on Dec 3, 2018.
             Mangled by Sigmund
             ... wielding a +0 scythe
              (11 damage)
             ... in the Dungeon (Sprint I: "Red Sonja").
             The game lasted 00:03:39 (134 turns).

JosiahThimblerig the Cudgeler (Octopode Wanderer)    Turns: 134, Time: 00:03:39

Health: -9/33      AC:  1    Str: 13    XL:     4   Next: 86%
Magic:  5/5        EV: 12    Int: 14    God:
Gold:   54         SH:  0    Dex: 10    Spells: 3/3 levels left

rFire    . . .     SeeInvis .     - Unarmed
rCold    . . .     Gourm    .   (no shield)
rNeg     . . .     Faith    .   (helmet restricted)
rPois    .         Spirit   .   (no amulet)
rElec    .         Reflect  .   (no ring)
rCorr    .         Harm     .   (no ring)
MR       .....     NoTele   +   (no ring)
Stlth    ++........             (no ring)
HPRegen  0.11/turn              (no ring)
MPRegen  0.09/turn              (no ring)
                                (no ring)
                                (no ring)

@: confused, hasted, very quick
A: almost no armour, stealthy swim, amphibious, 8 rings, constrict 8, camouflage
1, gelatinous body 1
a: no special abilities


You were in the Dungeon.
You were not hungry.

You visited 1 branch You collected 54 gold pieces.

Inventory:

Hand Weapons
 b - a +0 shortbow
 d - a +0 mace
 l - a +0 dagger
 o - a +0 giant club
Missiles
 c - 22 arrows
Armour
 m - a +0 scale mail
Wands
 g - a wand of digging (2)
Scrolls
 k - a scroll of blinking
Potions
 i - 2 potions of magic
 j - a potion of berserk rage
Miscellaneous
 a - a box of beasts
Comestibles
 f - a ration
 n - 6 chunks of flesh


   Skills:
 + Level 4.1 Fighting
 + Level 4.6 Short Blades
 + Level 7.3 Maces & Flails
 + Level 1.6 Bows
 + Level 1.6 Throwing
 + Level 0.7 Dodging
 + Level 0.4 Stealth
 + Level 1.6 Unarmed Combat
 + Level 1.3 Evocations


You had 3 spell levels left.
You didn't know any spells.
Your spell library was empty.

Dungeon Overview and Level Annotations

Branches:
Dungeon (1/1)

Altars:

Annotations:
D Sigmund


Innate Abilities, Weirdness & Mutations

You cannot wear most types of armour.
You are very stealthy in the water. (Stealth+)
You are amphibious.
You can wear up to eight rings at the same time.
You can use your tentacles to constrict eight enemies at once.
Your skin changes colour to match your surroundings (Stealth+).
Your rubbery body absorbs attacks. (AC +1, EV +1)


Message History

You tentacle-slap Sigmund. You grab Sigmund.
Sigmund is lightly wounded.
You constrict Sigmund, but do no damage.
Sigmund gestures wildly while chanting.
Sigmund flickers and vanishes!
Deactivating autopickup; reactivate with Ctrl-A.
You tentacle-slap something but do no damage.
You constrict something. Something hits you!
You completely miss something. You constrict something. Something hits you!
* * * LOW HITPOINT WARNING * * *
You feel better.
You constrict something.
You feel yourself speed up.
You constrict something. Something hits you!
* * * LOW HITPOINT WARNING * * *
You tentacle-slap something but do no damage.
You squeeze something. You constrict something.
You hear some strange, mumbled words.
You are confused.
You bump into the rock wall.
You constrict something.
You release your grip on something.
Something hits you!
You die...

#############
#<.#.÷'..#@.+
#..'..#..'{.#
#..#####'####
#..# #..#
#..# ####
#..# #⌠⌠#
####


There were no monsters in sight!

Vanquished Creatures
  An ogre (D)
  Ijyb (D)
2 creatures vanquished.

Notes
Turn   | Place    | Note
-------+----------+-------------------------------------------
     0 | D        | JosiahThimblerig the Octopode Wanderer began the quest for
                  | the Orb.
     0 | D        | JosiahThimblerig set off with the following items: a box of
                  | beasts, a +0 shortbow, 22 arrows, a +0 mace, a potion of
                  | curing, a ration, a potion of heal wounds, a potion of
                  | haste, 2 potions of magic, a potion of berserk rage, a
                  | scroll of blinking
     0 | D        | Reached XP level 1. HP: 14/14 MP: 1/1
     1 | D        | Noticed Ijyb
    18 | D        | Killed Ijyb
    18 | D        | Reached skill level 5 in Maces & Flails
    18 | D        | Reached XP level 2. HP: 16/21 MP: 1/3
    18 | D        | Reached XP level 3. HP: 19/26 MP: 1/4
    95 | D        | Noticed an ogre
   106 | D        | Killed an ogre
   106 | D        | Reached skill level 7 in Maces & Flails
   106 | D        | Reached skill level 1 in Bows
   106 | D        | Reached skill level 1 in Unarmed Combat
   106 | D        | Reached XP level 4. HP: 33/33 MP: 5/5
   124 | D        | Noticed Sigmund
   131 | D        | HP: 1/33 [something (11)]
   134 | D        | Mangled by Sigmund

Vault maps used:
D:        dungeon_sprint_1

Skill      XL: |  1  2  3 |
---------------+----------+-----
Fighting       | 3 4 |  4.1
Maces & Flails | 5 7 |  7.3
Short Blades   | 4 |  4.6
Bows           | 1 |  1.6
Unarmed Combat | 1 |  1.6
Throwing       | |  1.6
Dodging        | |  0.7
Stealth        | |  0.4
Evocations     | |  1.3

Action                   |  1- 3 |  4- 6 || total
-------------------------+-------+-------++-------
Melee: Unarmed           |    19 |     5 ||    24
       Tentacles         |     4 |     1 ||     5
       Constrict         |     1 |     1 ||     2
 Fire: Shortbow          |     5 |       ||     5
  Use: Potion            |     1 |     2 ||     3
Armor: Skin              |     2 |       ||     2
Dodge: Dodged            |     9 |     1 ||    10

Table legend:
 A = Non-vault XP
 B = Vault XP
 C = Vault XP percentage of total XP
 D = Non-vault monster count
 E = Vault monster count
 F = Vault count percentage of total count
                 A         B        C        D         E       F
            +---------+---------+-------+---------+---------+-------
      Total |       0 |     154 | 100.0 |       0 |       2 | 100.0
            +---------+---------+-------+---------+---------+-------
          D |       0 |     154 | 100.0 |       0 |       2 | 100.0
            +---------+---------+-------+---------+---------+-------
